 Dungeon Crawl Stone Soup version 0.31-a0-267-g3fc6992b3b (webtiles) character file.

Game seed: 3247869663494468935

429 qw the Shooter (level 6, 0/37 HPs)
             Began as a Gargoyle Hexslinger on July 14, 2023.
             Slain by an orc
             ... wielding a +2 falchion of holy wrath
              (4 damage)
             ... on level 3 of the Dungeon.
             The game lasted 00:01:08 (2377 turns).

qw the Shooter (Gargoyle Hexslinger)                Turns: 2377, Time: 00:01:09

Health: 0/37       AC: 10    Str: 17    XL:     6   Next: 98%
Magic:  7/7        EV: 11    Int: 14    God:
Gold:   38         SH:  0    Dex: 14    Spells: 6/7 levels left

rFire   + . .        Y - +1 sling
rCold   . . .        (no shield)
rNeg    + . .        j - +0 ring mail
rPois   inf          (no helmet)
rElec   +            (no cloak)
rCorr   .            (no gloves)
SInv    .            (no boots)
Will    .....        e - amulet of regeneration
Stlth   +            a - +6 ring of strength
HPRegen 1.06/turn    c - ring of protection from fire
MPRegen 0.10/turn

%: no passive effects
@: no status effects
A: sickness immunity, AC +4, negative energy resistance 1, electricity
resistance, torment resistance 1, petrification resistance
a: no special abilities


You were on level 3 of the Dungeon.
You visited 1 branch of the dungeon, and saw 3 of its levels.

You collected 107 gold pieces.
You spent 69 gold pieces at shops.


Innate Abilities, Weirdness & Mutations

You are immune to sickness and miasma.
Your stone body is resilient. (AC +4)
You are immune to poison.
You resist negative energy. (rN+)
You are resistant to electric shocks. (rElec)
You are resistant to unholy torment.
You are immune to petrification.


   Skills:
 - Level 3.0 Fighting
 + Level 5.0 Ranged Weapons
 - Level 4.5 Armour
 - Level 1.5 Dodging
 - Level 1.0 Spellcasting
 - Level 2.6 Hexes


You had 6 spell levels left.
You knew the following spells:

 Your Spells              Type           Power      Damage    Failure   Level
a - Slow                  Hex            32%        N/A       16%         1

Your spell library contained the following spells:

 Spells                   Type           Power      Damage    Failure   Level
 Inner Flame              Hex/Fire       4%         N/A       61%         3
 Portal Projectile        Hex/Tloc       8%         N/A       61%         3
 Cause Fear               Hex            4%         N/A       83%         4

Inventory:

Hand Weapons
 Y - a +1 sling (weapon)
Armour
 g - a +0 pair of boots
 j - a +0 ring mail (worn)
Jewellery
 a - a +6 ring of strength (left hand)
 c - a ring of protection from fire (right hand)
 e - an amulet of regeneration (around neck)
Scrolls
 f - a scroll of vulnerability {unknown}
Potions
 b - a potion of lignification {unknown}
 d - a potion of curing
 h - a potion of mutation {unknown}
 i - a potion of brilliance {unknown}

Dungeon Overview and Level Annotations

Branches:
Dungeon (3/15)

Altars:
Dithmenos
Nemelex Xobeh

Shops:
D:1 [!=   D:2 =   D:3 [


Message History

The orc warrior hits you with a +0 short sword.
You shoot a sling bullet.
The sling bullet barely misses the orc warrior.
The sling bullet hits the orc but does no damage.
The orc is lightly wounded.
The orc warrior hits you with a +0 short sword.
You shoot a sling bullet.
The sling bullet hits the orc warrior but does no damage.
The orc misses you.
The orc warrior hits you with a +0 short sword!
You shoot a sling bullet. The sling bullet hits the orc warrior.
The orc warrior is lightly wounded.
The orc warrior hits you with a +0 short sword!
The orc hits you but does no damage. The orc barely misses you.
You shoot a sling bullet.
The sling bullet completely misses the orc warrior.
The sling bullet hits the orc.
The orc is heavily wounded.
The rat twitches its whiskers.
The orc warrior hits you with a +0 short sword.
The orc barely misses you.
The orc hits you with a +2 falchion of holy wrath. x2
The orc barely misses you. The orc warrior barely misses you.
You shoot a sling bullet. The sling bullet hits the orc warrior.
The orc warrior is lightly wounded.
The orc warrior hits you with a +0 short sword.
The orc closely misses you.
The orc hits you with a +2 falchion of holy wrath.
You shoot a sling bullet. The sling bullet hits the orc warrior.
The orc warrior is moderately wounded.
The orc warrior barely misses you. The orc barely misses you. x2
You shoot a sling bullet.
The sling bullet hits the orc warrior but does no damage.
The orc warrior is moderately wounded.
The orc warrior barely misses you. The orc hits you but does no damage. x2
You shoot a sling bullet. The sling bullet hits the orc warrior.
The orc warrior is heavily wounded.
The orc warrior barely misses you. The orc hits you with a +0 hand axe.
The orc hits you with a +2 falchion of holy wrath.
You die...

####### #.....####
#.###.#...
####.#...#.#.
######............
#.........#.#.#.##
#@o.#....##.#...#.
#oo##....##.#####.
#oo###....##...# #.
o..ro# #....####.# #.
.....#.###....####.###.
..>....................
.....#.###....####.....
.... #.# #....# ######
##.# #.# #....# #


You could see an orc warrior, an orc priest, 4 orcs and a rat.

Vanquished Creatures
  Sigmund (D:3)
  A scorpion (D:3)
  Terence (D:3)
  Natasha (thrice) (D:3)
  4 adders
  2 worms
  A dart slug (D:3)
  3 orcs (D:3)
  2 ball pythons
  5 bats
  4 endoplasms
  2 giant cockroaches
  6 goblins
  8 hobgoblins
  3 quokkas (D:1)
  4 frilled lizards
  5 kobolds
  5 rats
60 creatures vanquished.

Notes
Turn   | Place    | Note
-------+----------+-------------------------------------------
     0 | D:1      | qw the Gargoyle Hexslinger began the quest for the Orb.
     0 | D:1      | Reached XP level 1. HP: 12/12 MP: 2/2
     0 | D:1      | 0 ||| qw: Version: 0.3-a-52-g30416fa
     0 | D:1      | 0 ||| qw: Game counter: 7800
     0 | D:1      | 0 ||| qw: Melee chars always use a shield: true
     0 | D:1      | 0 ||| qw: God list: Okawaru
     0 | D:1      | 0 ||| qw: Allow faded altars: false
     0 | D:1      | 0 ||| qw: Do Orc after clearing Dungeon:15 true
     0 | D:1      | 0 ||| qw: Do second Lair branch before Depths: true
     0 | D:1      | 0 ||| qw: Lair rune preference: random
     0 | D:1      | 0 ||| qw: Goals: Normal
     0 | D:1      | 0 ||| PLANNING D:1-11
   156 | D:1      | Reached XP level 2. HP: 12/16 MP: 3/3
   290 | D:1      | Reached skill level 3 in Ranged Weapons
   303 | D:1      | Found Ybbal's Armour Boutique.
   312 | D:1      | 312 ||| BUYING +0 leather armour (20 gold).
   312 | D:1      | Bought a +0 leather armour for 20 gold pieces
   312 | D:1      | 312 ||| SHOPLISTING +0 pair of boots (45 gold, have 3).
   312 | D:1      | 312 ||| SHOPLISTING +0 pair of gloves (45 gold, have 3).
   312 | D:1      | 312 ||| SHOPLISTING +0 robe of cold resistance (77 gold,
                  | have 3).
   312 | D:1      | 312 ||| SHOPLISTING +11 acid dragon scales of Defence
                  | {rCorr Dex+5 Slay-3} (999 gold, have 3).
   312 | D:1      | 312 ||| SHOPLISTING +2 pair of boots of flying (215 gold,
                  | have 3).
   398 | D:1      | Found Ahirel's Jewellery Boutique.
   408 | D:1      | 408 ||| SHOPLISTING +6 ring of strength (504 gold, have
                  | 13).
   408 | D:1      | 408 ||| SHOPLISTING amulet of reflection (420 gold, have
                  | 13).
   408 | D:1      | 408 ||| SHOPLISTING amulet of the acrobat (420 gold, have
                  | 13).
   408 | D:1      | 408 ||| SHOPLISTING ring of protection from cold (350 gold,
                  | have 13).
   408 | D:1      | 408 ||| SHOPLISTING ring of protection from fire (350 gold,
                  | have 13).
   408 | D:1      | 408 ||| SHOPLISTING ring of resist corrosion (280 gold,
                  | have 13).
   408 | D:1      | 408 ||| SHOPLISTING ring of willpower (350 gold, have 13).
   459 | D:1      | Reached XP level 3. HP: 21/21 MP: 4/4
   862 | D:1      | Found Eluy's Distillery.
   865 | D:1      | 865 ||| SHOPLISTING 2 potions of curing (84 gold, have 29).
   865 | D:1      | 865 ||| SHOPLISTING potion of mutation (112 gold, have 29).
   865 | D:1      | 865 ||| SHOPLISTING potion of resistance (140 gold, have
                  | 29).
   869 | D:1      | 869 ||| UPGRADING to +0 leather armour.
   879 | D:1      | 879 ||| DROPPING +0 robe.
   880 | D:1      | 880 ||| READING scroll labelled OFIAMEACSIOLI.
   880 | D:1      | Identified a scroll of acquirement
   880 | D:1      | 880 ||| ACQUIRING +6 ring of strength
   880 | D:1      | Acquired a +6 ring of strength
   882 | D:1      | 882 ||| UPGRADING to +6 ring of strength.
   883 | D:1      | 883 ||| READING scroll labelled ROKHILI POKK.
   887 | D:1      | 887 ||| DROPPING scroll of poison.
  1054 | D:2      | Found a faded altar of an unknown god.
  1358 | D:2      | Found Hyxoeshi's Jewellery Shop.
  1365 | D:2      | 1365 ||| SHOPLISTING +4 ring of protection (468 gold, have
                  | 37).
  1365 | D:2      | 1365 ||| SHOPLISTING amulet of faith (520 gold, have 37).
  1365 | D:2      | 1365 ||| SHOPLISTING amulet of the acrobat (390 gold, have
                  | 37).
  1365 | D:2      | 1365 ||| SHOPLISTING ring of fire (325 gold, have 37).
  1365 | D:2      | 1365 ||| SHOPLISTING ring of ice (325 gold, have 37).
  1365 | D:2      | 1365 ||| SHOPLISTING ring of protection from fire (325
                  | gold, have 37).
  1365 | D:2      | 1365 ||| SHOPLISTING ring of resist corrosion (260 gold,
                  | have 37).
  1388 | D:2      | Reached XP level 4. HP: 26/26 MP: 5/5
  1578 | D:2      | 1578 ||| UPGRADING to +0 ring mail.
  1588 | D:2      | 1588 ||| DROPPING +0 leather armour.
  1589 | D:2      | 1589 ||| UPGRADING to ring of protection from fire.
  1590 | D:2      | 1590 ||| READING scroll labelled QENAUJ WISHRECRU.
  1591 | D:2      | 1591 ||| READING scroll labelled SYOTIR IMAGUR.
  1592 | D:2      | 1592 ||| DRINKING 2 smoky puce potions.
  1593 | D:2      | 1593 ||| DRINKING 2 fuming brown potions.
  1594 | D:2      | 1594 ||| DROPPING potion of invisibility.
  1624 | D:3      | Reached skill level 4 in Ranged Weapons
  1653 | D:3      | Noticed Sigmund
  1654 | D:3      | 1654 ||| Stepping ~*~*~tactically~*~*~ (outnumbered).
  1659 | D:3      | 1659 ||| FLEEEEING.
  1663 | D:3      | 1663 ||| FLEEEEING.
  1664 | D:3      | 1664 ||| FLEEEEING.
  1666 | D:3      | 1666 ||| FLEEEEING.
  1667 | D:3      | 1667 ||| FLEEEEING.
  1670 | D:3      | 1670 ||| STAIRDANCE
  1733 | D:2      | 1733 ||| UPGRADING to amulet of regeneration.
  1741 | D:3      | 1741 ||| STAIRDANCE
  1761 | D:3      | 1761 ||| STAIRDANCE
  1774 | D:3      | 1774 ||| STAIRDANCE
  1785 | D:3      | Killed Sigmund
  1786 | D:3      | Reached XP level 5. HP: 30/30 MP: 6/6
  1786 | D:3      | Reached XP level 6. HP: 35/35 MP: 7/7
  1848 | D:3      | Found Baxteuc's Armour Boutique.
  1850 | D:3      | Noticed Terence
  1867 | D:3      | Killed Terence
  1897 | D:3      | 1897 ||| SHOPLISTING +0 cloak of Life {rPois rN+ Dex+2}
                  | (265 gold, have 71).
  1897 | D:3      | 1897 ||| BUYING +0 pair of boots (49 gold).
  1897 | D:3      | Bought a +0 pair of boots for 49 gold pieces
  1897 | D:3      | 1897 ||| SHOPLISTING +0 pair of gloves (49 gold, have 22).
  1897 | D:3      | 1897 ||| SHOPLISTING +1 ring mail of poison resistance (143
                  | gold, have 22).
  1897 | D:3      | 1897 ||| SHOPLISTING +2 robe "Jiexaony" {Contam rElec rPois
                  | rF+} (333 gold, have 22).
  1920 | D:3      | Found a shadowy altar of Dithmenos.
  2016 | D:3      | Noticed Natasha
  2018 | D:3      | 2018 ||| Stepping ~*~*~tactically~*~*~ (outnumbered).
  2025 | D:3      | Killed Natasha
  2026 | D:3      | Reached skill level 5 in Ranged Weapons
  2153 | D:3      | Noticed Natasha
  2156 | D:3      | Killed Natasha
  2187 | D:3      | Found a sparkling altar of Nemelex Xobeh.
  2211 | D:3      | Noticed Natasha
  2227 | D:3      | HP: 9/36 [orc/+0 flail (5)]
  2228 | D:3      | 2228 ||| READING scroll of teleportation.
  2229 | D:3      | Killed Natasha
  2230 | D:3      | Reached skill level 3 in Fighting
  2359 | D:3      | Noticed an orc warrior
  2360 | D:3      | 2360 ||| Stepping ~*~*~tactically~*~*~ (outnumbered).
  2373 | D:3      | HP: 7/37 [orc/+2 falchion of holy wrath (5)]
  2374 | D:3      | HP: 1/37 [orc/+2 falchion of holy wrath (5)]
  2377 | D:3      | Slain by an orc

Levels and vault maps discovered:
D:1:      arrival_zaba_pyramid, layout_basic, serial_shops, shop, shop,
          nicolae_shop_trees, roderic_lattice_a
D:2:      layout_loops_ring, dreamdust_ecumenical_altar_sealed_demon,
          serial_shops, shop, minmay_3d_cube
D:3:      layout_basic, nemelex_altar_shiori,
          mainiacjoe_overflow_small_starburst, serial_shops, shop, uniq_sigmund,
          uniq_terence, uniq_natasha

Skill      XL: |  1  2  3  4  5  6 |
---------------+-------------------+-----
Ranged Weapons | 3 4 5 |  5.0
Fighting       | 2 3 |  3.0
Armour         | 4 |  4.5
Dodging        | |  1.5
Spellcasting   | |  1.0
Hexes          | |  2.6

Action                     |  1- 3 |  4- 6 || total
---------------------------+-------+-------++-------
   Fire: Sling             |   122 |   150 ||   272
    Use: Scroll            |     2 |     3 ||     5
         Potion            |       |     2 ||     2
 Armour: Robe              |    15 |       ||    15
         Leather armour    |    10 |     1 ||    11
         Ring mail         |       |    54 ||    54
  Dodge: Dodged            |    47 |    76 ||   123

Table legend:
 A = Non-vault XP
 B = Vault XP
 C = Vault XP percentage of total XP
 D = Non-vault monster count
 E = Vault monster count
 F = Vault count percentage of total count
                 A         B        C        D         E       F
            +---------+---------+-------+---------+---------+-------
      Total |     300 |     313 |  51.1 |      55 |       5 |   8.3
            +---------+---------+-------+---------+---------+-------
        D:1 |      37 |       0 |   0.0 |      21 |       0 |   0.0
        D:2 |      48 |       3 |   5.9 |      13 |       2 |  13.3
        D:3 |     215 |     310 |  59.0 |      21 |       3 |  12.5
            +---------+---------+-------+---------+---------+-------
